General information
- name: BNet
- type: Ladder team game (AT/RT)
- host: Battle.net
- saver: F.uck.Your.Shlt
map: MarketSquare
- players: 8
- length: 40:02
- speed: Fast
- version: 1.26 W3XP
- replay type: Public
» download(240 KB)
Players
team 1 (loser)

»
backinthegame (
pink | 41 APM | 979 actions | 23:55)
4 Demon Hunter
2 Mana Burn
2 Evasion
3 Keeper of the Grove
2 Entangling Roots
1 Thorns Aura
» actions
| Assign group hotkey | 38 | |
| Basic commands | 17 | |
| Build / train | 62 | |
| Enter build submenu | 18 | |
| Enter hero's abilities submenu | 7 | |
| Right click | 280 | |
| Select / deselect | 279 | |
| Select group hotkey | 191 | |
| Use ability | 87 | |
979 total
» units
| Wisp | 20 | |
| Archer | 6 | |
| Dryad | 5 | |
| Druid of the Claw | 11 | |
42 total
» upgrades
| Abolish Magic | 1 | |
| Druid of the Claw Training | 2 | |
| Strength of the Wild | 2 | |
| Reinforced Hides | 2 | |
| Mark of the Claw | 1 | |
8 total
» buildings
| Altar of Elders | 1 | |
| Moon Well | 8 | |
| Ancient of War | 1 | |
| Tree of Ages | 1 | |
| Hunter's Hall | 1 | |
| Ancient of Lore | 2 | |
| Ancient Protector | 2 | |
| Tree of Eternity | 1 | |
| Tree of Life | 1 | |
18 total
» build order
00:08 Altar of Elders
00:11 Moon Well
00:52 Ancient of War
01:40 Moon Well
02:37 Tree of Ages
02:56 Moon Well
03:57 Moon Well
04:05 Hunter's Hall
05:13 Ancient of Lore
05:18 Ancient of Lore
05:40 Ancient Protector
05:44 Ancient Protector
06:00 Tree of Eternity
07:33 Moon Well
07:34 Moon Well
09:59 Tree of Life
19:17 Moon Well
19:18 Moon Well
» items
REDSKINS-MNF- (
teal | 68 APM | 2726 actions | 39:55)
8 Blademaster
3 Wind Walk
3 Critical Strike
1 Bladestorm
1 Mirror Image
» actions
| Assign group hotkey | 68 | |
| Basic commands | 17 | |
| Build / train | 61 | |
| Enter build submenu | 35 | |
| Enter hero's abilities submenu | 8 | |
| Give item / drop item | 7 | |
| Remove unit from queue | 1 | |
| Right click | 1333 | |
| Select / deselect | 257 | |
| Select group hotkey | 817 | |
| Use ability | 122 | |
2726 total
» units
| Peon | 18 | |
| Grunt | 3 | |
| Wind Rider | 7 | |
| Troll Batrider | 8 | |
36 total
» upgrades
| Reinforced Defenses | 1 | |
| Envenomed Spears | 1 | |
| Liquid Fire | 1 | |
3 total
» buildings
| Altar of Storms | 1 | |
| Orc Burrow | 9 | |
| Barracks | 1 | |
| Voodoo Lounge | 1 | |
| War Mill | 1 | |
| Stronghold | 2 | |
| Watch Tower | 29 | |
| Great Hall | 3 | |
| Fortress | 1 | |
| Beastiary | 3 | |
| Altar of Elders | 2 | |
| Moon Well | 1 | |
54 total
» build order
00:14 Altar of Storms
00:27 Orc Burrow
00:41 Barracks
01:30 Orc Burrow
02:00 Voodoo Lounge
02:44 War Mill
03:14 Stronghold
03:15 Stronghold
04:02 Watch Tower
04:09 Watch Tower
05:45 Great Hall
06:51 Orc Burrow
07:16 Fortress
07:51 Watch Tower
07:51 Watch Tower
08:35 Watch Tower
08:54 Watch Tower
10:35 Beastiary
11:13 Watch Tower
11:13 Watch Tower
11:14 Watch Tower
11:14 Watch Tower
12:03 Beastiary
13:04 Orc Burrow
13:04 Orc Burrow
13:50 Watch Tower
13:50 Watch Tower
13:51 Watch Tower
13:51 Watch Tower
15:13 Watch Tower
15:14 Watch Tower
17:42 Beastiary
17:43 Orc Burrow
19:16 Watch Tower
19:16 Watch Tower
19:56 Watch Tower
19:56 Watch Tower
19:57 Watch Tower
19:58 Watch Tower
19:59 Watch Tower
19:59 Watch Tower
20:00 Watch Tower
21:32 Orc Burrow
21:32 Orc Burrow
21:35 Orc Burrow
25:14 Watch Tower
25:16 Watch Tower
25:16 Watch Tower
25:16 Watch Tower
32:20 Altar of Elders
32:21 Moon Well
34:03 Great Hall
34:20 Great Hall
34:31 Altar of Elders
» items
| Healing Salve | 2 | |
| Boots of Speed | 1 | |
| Staff of Teleportation | 1 | |
| Orb of Lightning | 1 | |
| Potion of Mana | 2 | |
| Scroll of Town Portal | 1 | |
8 total

»
madmoneymark (
blue | 33 APM | 762 actions | 23:04)
6 Priestess of the Moon
3 Trueshot Aura
2 Searing Arrows
1 Starfall
» actions
| Assign group hotkey | 4 | |
| Basic commands | 21 | |
| Build / train | 89 | |
| Enter build submenu | 15 | |
| Enter hero's abilities submenu | 6 | |
| Remove unit from queue | 2 | |
| Right click | 194 | |
| Select / deselect | 384 | |
| Select group hotkey | 1 | |
| Use ability | 46 | |
762 total
» units
| Wisp | 17 | |
| Archer | 24 | |
| Hippogryph | 18 | |
59 total
» upgrades
| Improved Bows | 1 | |
| Strength of the Moon | 3 | |
| Moon Armor | 3 | |
| Hippogryph Taming | 1 | |
| Strength of the Wild | 2 | |
| Reinforced Hides | 2 | |
12 total
» buildings
| Altar of Elders | 1 | |
| Moon Well | 8 | |
| Ancient of War | 1 | |
| Tree of Ages | 1 | |
| Tree of Life | 1 | |
| Hunter's Hall | 1 | |
| Ancient of Wind | 2 | |
| Ancient of Wonders | 1 | |
| Tree of Eternity | 1 | |
17 total
» build order
00:25 Altar of Elders
00:38 Moon Well
00:52 Ancient of War
01:40 Moon Well
03:12 Moon Well
04:14 Moon Well
04:57 Tree of Ages
05:39 Tree of Life
07:04 Hunter's Hall
07:21 Ancient of Wind
07:25 Ancient of Wind
09:27 Moon Well
09:45 Ancient of Wonders
11:37 Moon Well
12:57 Tree of Eternity
13:49 Moon Well
15:16 Moon Well
» items
| Orb of Venom | 1 | |
| Scroll of Town Portal | 3 | |
| Potion of Healing | 1 | |
| Scroll of Protection | 1 | |
| Anti-magic Potion | 1 | |
7 total

»
BliPPii (
purple | 36 APM | 857 actions | 24:00)
4 Dark Ranger
1 Black Arrow
1 Life Drain
2 Silence
3 Archmage
1 Blizzard
2 Brilliance Aura
1 Blood Mage
1 Flame Strike
» actions
| Assign group hotkey | 9 | |
| Basic commands | 66 | |
| Build / train | 91 | |
| Enter build submenu | 32 | |
| Enter hero's abilities submenu | 8 | |
| Give item / drop item | 1 | |
| Remove unit from queue | 2 | |
| Right click | 288 | |
| Select / deselect | 258 | |
| Select group hotkey | 53 | |
| Use ability | 49 | |
857 total
» units
| Peasant | 22 | |
| Rifleman | 6 | |
| Rogue | 1 | |
| Gryphon Rider | 7 | |
| Dragonhawk Rider | 2 | |
| Siege Engine | 7 | |
45 total
» upgrades
| Masonry | 2 | |
| Gunpowder | 1 | |
| Armor | 1 | |
| Swords | 1 | |
| Cloud | 1 | |
| Barrage | 1 | |
7 total
» buildings
| Blacksmith | 1 | |
| Barracks | 1 | |
| Altar of Kings | 1 | |
| Farm | 13 | |
| Lumber Mill | 1 | |
| Scout Tower | 8 | |
| Arcane Tower | 1 | |
| Arcane Vault | 1 | |
| Guard Tower | 13 | |
| Keep | 1 | |
| Castle | 1 | |
| Town Hall | 1 | |
| Gryphon Aviary | 2 | |
| Workshop | 2 | |
47 total
» build order
03:31 Blacksmith
03:38 Barracks
03:44 Altar of Kings
03:47 Farm
03:52 Farm
03:56 Lumber Mill
04:01 Scout Tower
04:31 Arcane Tower
04:39 Farm
04:42 Scout Tower
05:00 Arcane Vault
05:08 Scout Tower
05:10 Guard Tower
05:22 Farm
05:44 Guard Tower
05:47 Scout Tower
06:07 Farm
06:10 Keep
06:21 Guard Tower
07:00 Farm
07:45 Farm
08:28 Farm
08:35 Castle
09:09 Town Hall
09:12 Scout Tower
09:15 Scout Tower
09:22 Gryphon Aviary
09:27 Gryphon Aviary
09:50 Guard Tower
09:54 Guard Tower
09:55 Guard Tower
09:58 Scout Tower
10:36 Guard Tower
10:37 Guard Tower
10:40 Farm
10:53 Guard Tower
11:03 Guard Tower
11:22 Farm
12:07 Farm
12:47 Farm
13:28 Farm
16:41 Workshop
16:44 Workshop
21:18 Scout Tower
21:54 Guard Tower
21:54 Guard Tower
» items
| Ivory Tower | 4 | |
| Scroll of Regeneration | 3 | |
| Scroll of Town Portal | 3 | |
10 total
team 2 (winner)
Targaryen[GGL] (
orange | 30 APM | 1203 actions | 39:55)
6 Beastmaster
3 Summon Bear
2 Summon Hawk
1 Stampede
5 Priestess of the Moon
3 Trueshot Aura
2 Searing Arrows
» actions
| Basic commands | 23 | |
| Build / train | 84 | |
| Enter build submenu | 31 | |
| Enter hero's abilities submenu | 11 | |
| Give item / drop item | 3 | |
| Right click | 509 | |
| Select / deselect | 444 | |
| Use ability | 98 | |
1203 total
» units
| Wisp | 23 | |
| Archer | 9 | |
| Hippogryph | 10 | |
| Faerie Dragon | 1 | |
| Chimaera | 5 | |
| Druid of the Talon | 4 | |
52 total
» upgrades
| Improved Bows | 1 | |
| Strength of the Wild | 3 | |
| Strength of the Moon | 1 | |
| Hippogryph Taming | 1 | |
| Marksmanship | 1 | |
| Well Spring | 1 | |
| Corrosive Breath | 1 | |
| Druid of the Talon Training | 1 | |
10 total
» buildings
| Altar of Elders | 1 | |
| Moon Well | 10 | |
| Ancient of War | 1 | |
| Ancient of Wonders | 1 | |
| Hunter's Hall | 1 | |
| Tree of Ages | 4 | |
| Tree of Life | 4 | |
| Ancient Protector | 5 | |
| Tree of Eternity | 1 | |
| Ancient of Wind | 2 | |
| Chimaera Roost | 1 | |
31 total
» build order
00:14 Altar of Elders
00:42 Moon Well
00:55 Ancient of War
01:41 Moon Well
02:10 Moon Well
02:12 Moon Well
02:21 Ancient of Wonders
03:23 Moon Well
04:07 Hunter's Hall
04:27 Moon Well
04:48 Tree of Ages
04:48 Tree of Ages
04:49 Tree of Ages
06:11 Tree of Life
06:14 Ancient Protector
06:17 Ancient Protector
07:14 Tree of Eternity
07:22 Ancient of Wind
07:24 Ancient of Wind
07:30 Moon Well
07:32 Moon Well
07:36 Moon Well
11:41 Tree of Life
11:47 Ancient Protector
13:00 Ancient Protector
13:08 Chimaera Roost
14:22 Moon Well
23:56 Tree of Life
24:00 Ancient Protector
26:46 Tree of Life
» items
F.uck.Your.Shlt (
red | 88 APM | 3507 actions | 40:02)
6 Archmage
3 Summon Water Elemental
2 Brilliance Aura
1 Mass Teleport
» actions
| Assign group hotkey | 100 | |
| Basic commands | 478 | |
| Build / train | 155 | |
| ESC pressed | 9 | |
| Enter build submenu | 49 | |
| Enter hero's abilities submenu | 6 | |
| Give item / drop item | 3 | |
| Right click | 1053 | |
| Select / deselect | 320 | |
| Select group hotkey | 1132 | |
| Use ability | 202 | |
3507 total
» units
| Peasant | 17 | |
| Footman | 7 | |
| Gryphon Rider | 7 | |
| Dragonhawk Rider | 5 | |
| Siege Engine | 1 | |
37 total
» upgrades
| Masonry | 3 | |
| Swords | 3 | |
| Armor | 3 | |
| Lumber Harvesting | 2 | |
| Storm Hammers | 1 | |
| Cloud | 1 | |
| Animal War Training | 1 | |
| Gunpowder | 2 | |
| Plating | 2 | |
| Barrage | 1 | |
| Flak Cannons | 1 | |
| Flying Machine Bombs | 1 | |
21 total
» buildings
| Altar of Kings | 1 | |
| Barracks | 1 | |
| Farm | 19 | |
| Lumber Mill | 1 | |
| Arcane Vault | 1 | |
| Town Hall | 1 | |
| Scout Tower | 23 | |
| Guard Tower | 39 | |
| Keep | 5 | |
| Blacksmith | 1 | |
| Castle | 3 | |
| Gryphon Aviary | 4 | |
| Workshop | 3 | |
102 total
» build order
00:52 Altar of Kings
00:55 Barracks
00:57 Farm
01:06 Farm
01:15 Farm
02:05 Lumber Mill
02:08 Arcane Vault
02:34 Farm
04:00 Town Hall
04:03 Scout Tower
04:05 Scout Tower
04:09 Scout Tower
04:45 Guard Tower
04:45 Guard Tower
04:46 Guard Tower
04:46 Guard Tower
04:46 Guard Tower
04:47 Guard Tower
04:48 Guard Tower
05:02 Farm
06:19 Keep
06:19 Keep
06:19 Keep
06:22 Blacksmith
09:10 Castle
09:10 Castle
09:11 Castle
09:46 Scout Tower
09:46 Scout Tower
09:48 Scout Tower
09:48 Scout Tower
10:30 Guard Tower
10:30 Guard Tower
10:36 Gryphon Aviary
10:37 Gryphon Aviary
11:26 Gryphon Aviary
11:28 Gryphon Aviary
12:31 Guard Tower
12:31 Guard Tower
13:21 Farm
13:22 Farm
14:05 Farm
14:07 Farm
14:08 Farm
14:15 Farm
14:16 Farm
14:20 Scout Tower
14:23 Scout Tower
14:24 Scout Tower
14:25 Scout Tower
14:27 Scout Tower
14:28 Scout Tower
14:29 Scout Tower
14:57 Guard Tower
14:58 Guard Tower
14:58 Guard Tower
14:58 Guard Tower
15:05 Farm
15:50 Guard Tower
15:50 Guard Tower
16:49 Scout Tower
16:50 Scout Tower
16:52 Scout Tower
16:54 Scout Tower
16:57 Scout Tower
16:58 Scout Tower
18:38 Guard Tower
18:38 Guard Tower
18:45 Scout Tower
18:47 Scout Tower
18:50 Scout Tower
19:16 Guard Tower
19:16 Guard Tower
19:17 Guard Tower
19:17 Guard Tower
19:17 Guard Tower
19:18 Guard Tower
19:21 Guard Tower
19:21 Guard Tower
19:22 Guard Tower
20:00 Workshop
20:03 Workshop
20:04 Workshop
22:13 Farm
22:13 Farm
22:14 Farm
22:15 Farm
22:17 Farm
22:19 Farm
» items
| Mechanical Critter | 2 | |
| Scroll of Regeneration | 4 | |
| Periapt of Vitality | 2 | |
| Staff of Teleportation | 1 | |
| Scroll of Town Portal | 1 | |
| Scroll of Protection | 1 | |
11 total
Dorian12 (
yellow | 47 APM | 1737 actions | 36:52)
6 Blood Mage
3 Banish
2 Siphon Mana
1 Summon Phoenix
5 Paladin
2 Holy Light
3 Devotion Aura
5 Mountain King
3 Storm Bolt
2 Bash
» actions
| Assign group hotkey | 38 | |
| Basic commands | 200 | |
| Build / train | 93 | |
| ESC pressed | 1 | |
| Enter build submenu | 28 | |
| Enter hero's abilities submenu | 16 | |
| Give item / drop item | 2 | |
| Right click | 401 | |
| Select / deselect | 269 | |
| Select group hotkey | 574 | |
| Use ability | 114 | |
1737 total
» units
| Peasant | 20 | |
| Footman | 7 | |
| Dragonhawk Rider | 3 | |
| Gryphon Rider | 4 | |
34 total
» upgrades
| Defend | 1 | |
| Swords | 3 | |
| Lumber Harvesting | 2 | |
| Cloud | 1 | |
| Animal War Training | 1 | |
| Storm Hammers | 1 | |
| Plating | 3 | |
| Masonry | 3 | |
15 total
» buildings
| Farm | 12 | |
| Altar of Kings | 1 | |
| Lumber Mill | 2 | |
| Barracks | 1 | |
| Scout Tower | 5 | |
| Arcane Tower | 3 | |
| Arcane Vault | 1 | |
| Keep | 1 | |
| Town Hall | 3 | |
| Blacksmith | 1 | |
| Guard Tower | 1 | |
| Castle | 1 | |
| Gryphon Aviary | 3 | |
35 total
» build order
00:52 Farm
00:55 Altar of Kings
01:00 Lumber Mill
01:09 Barracks
01:19 Farm
01:55 Scout Tower
02:05 Farm
02:22 Arcane Tower
02:23 Arcane Tower
02:39 Farm
02:54 Arcane Vault
03:11 Farm
03:53 Farm
05:29 Keep
06:11 Town Hall
06:14 Scout Tower
06:16 Scout Tower
06:17 Scout Tower
06:19 Scout Tower
06:34 Blacksmith
07:12 Guard Tower
08:01 Castle
08:35 Gryphon Aviary
08:38 Gryphon Aviary
08:40 Gryphon Aviary
08:45 Farm
08:47 Farm
08:48 Farm
08:48 Farm
10:04 Lumber Mill
26:50 Farm
26:51 Farm
29:35 Town Hall
29:43 Town Hall
» items
| Scroll of Town Portal | 2 | |
| Orb of Fire | 1 | |
| Potion of Healing | 1 | |
| Scroll of Regeneration | 1 | |
| Potion of Lesser Invulnerability | 2 | |
| Boots of Speed | 1 | |
| Scroll of Protection | 1 | |
| Scroll of Healing | 1 | |
10 total

»
neil_diamond (
green | 66 APM | 2624 actions | 39:55)
5 Far Seer
3 Feral Spirit
2 Chain Lighting
5 Tauren Chieftain
2 War Stomp
3 Endurance Aura
5 Blademaster
2 Wind Walk
3 Critical Strike
» actions
| Assign group hotkey | 45 | |
| Basic commands | 178 | |
| Build / train | 86 | |
| ESC pressed | 1 | |
| Enter build submenu | 27 | |
| Enter hero's abilities submenu | 15 | |
| Give item / drop item | 4 | |
| Remove unit from queue | 1 | |
| Right click | 773 | |
| Select / deselect | 524 | |
| Select group hotkey | 838 | |
| Use ability | 132 | |
2624 total
» units
| Peon | 22 | |
| Shaman | 8 | |
| Tauren | 5 | |
| Troll Witch Doctor | 6 | |
41 total
» upgrades
| Shaman Training | 2 | |
| Witch Doctor Training | 2 | |
| Melee Weapons | 3 | |
| Pulverize | 1 | |
| Armor | 3 | |
| Reinforced Defenses | 1 | |
| Spiked Barricades | 1 | |
| Pillage | 1 | |
| Backpack | 1 | |
| Spirit Walker Training | 1 | |
| Berserker Upgrade | 0 | |
| Troll Regeneration | 1 | |
| Ranged Weapons | 1 | |
18 total
» buildings
| Altar of Storms | 1 | |
| Orc Burrow | 8 | |
| Voodoo Lounge | 1 | |
| Stronghold | 2 | |
| Great Hall | 5 | |
| Fortress | 1 | |
| Spirit Lodge | 2 | |
| War Mill | 1 | |
| Tauren Totem | 2 | |
| Watch Tower | 3 | |
| Barracks | 1 | |
| Beastiary | 1 | |
28 total
» build order
00:07 Altar of Storms
00:21 Orc Burrow
01:17 Orc Burrow
01:25 Voodoo Lounge
02:38 Stronghold
04:48 Great Hall
05:00 Fortress
05:05 Spirit Lodge
05:08 Spirit Lodge
05:53 Orc Burrow
05:58 War Mill
06:55 Orc Burrow
07:10 Orc Burrow
08:48 Tauren Totem
09:32 Orc Burrow
09:55 Tauren Totem
10:36 Orc Burrow
15:13 Watch Tower
18:42 Orc Burrow
18:44 Watch Tower
24:13 Great Hall
24:33 Barracks
24:44 Beastiary
25:03 Watch Tower
25:27 Great Hall
27:06 Great Hall
27:11 Stronghold
29:38 Great Hall
» items
| Healing Salve | 2 | |
| Orb of Lightning | 2 | |
| Scroll of Town Portal | 1 | |
5 total
Chat log
(00:52 / All) REDSKINS-MNF-: dorian12
(00:55 / All) REDSKINS-MNF-: wtf
(01:03 / All) neil_diamond: I LOVE BLACK PEOPLE!!!
(01:08 / All) Targaryen[GGL]: ME TOO
(01:09 / All) Targaryen[GGL]: AND JEWS
(01:39 / Allies) Dorian12: gryphs sound good?
(01:43 / Allies) Targaryen[GGL]: nice
(01:51 / Allies) neil_diamond: Just make what you can mirco well
(02:02 / Allies) neil_diamond: casters and tauren here
(06:54 / All) Targaryen[GGL]: suck my vag teal
(07:04 / All) REDSKINS-MNF-: truce leave each other alone?
(07:09 / All) Targaryen[GGL]: yay k
(08:38 / Allies) Targaryen[GGL]: hurry all go mid now
(08:44 / Allies) Targaryen[GGL]: lets creep that fast'
(10:34 / Allies) Dorian12: hmm
(10:42 / Allies) neil_diamond: can i get some wood?
(11:16 / Allies) Dorian12: i got cloud
(11:28 / Allies) neil_diamond: can anyone spare some wood?
(12:48 / Allies) Dorian12: agil;
(14:50 / Allies) neil_diamond: i need air support
(16:19 / Allies) neil_diamond: just attack
(16:21 / Allies) neil_diamond: ignore it
(16:57 / All) backinthegame: TWELA
(17:04 / Allies) Dorian12: wah not
(17:48 / Allies) neil_diamond: sigh
(17:52 / Allies) Targaryen[GGL]: lets go
(18:10 / Allies) neil_diamond: it's hard to attack when you run when i tell you to attack
(18:23 / Allies) Dorian12: stay
(18:25 / Allies) Dorian12: aorund
(18:27 / Allies) Dorian12: i'm coming :)
(18:28 / Allies) Targaryen[GGL]: oh shup ihe hadd mass aa i needd to tp out so i figured i shoul dsave u
(18:32 / Allies) F.uck.Your.Shlt: Purp went for 80 food hawks/gryphons
(18:38 / Allies) Dorian12: shit
(18:39 / Allies) Dorian12: bats
(18:47 / Allies) Dorian12: yes?
(18:52 / Allies) Targaryen[GGL]: use hawks
(19:12 / Allies) F.uck.Your.Shlt: Let's hit pink
(19:19 / Allies) Dorian12: smart
(20:38 / All) F.uck.Your.Shlt: bears are not the answer to 3 players with air lawl
(20:45 / All) Targaryen[GGL]: lol
(20:56 / Allies) Dorian12: ouit a bit
(21:00 / Allies) Dorian12: let him coo;l off
(21:02 / All) backinthegame: teal hording 6k gold is not the answer to playing this game period
(21:07 / All) backinthegame: i was only melee on team
(21:07 / All) neil_diamond: gg
(21:11 / All) Dorian12: HAHA
(21:20 / All) Targaryen[GGL]: GOOD GAME LOSERS
(21:25 / Allies) Dorian12: i thojugh he had invincibility
(21:29 / Allies) F.uck.Your.Shlt: hit blue now
(21:43 / Allies) Dorian12: that went well
(22:35 / Allies) Dorian12: tba'ts brfutal
(24:32 / All) Dorian12: guys, I got the PHOENIX!
(24:52 / All) Dorian12: its warm and toasty by the healing
(26:07 / All) F.uck.Your.Shlt: GOOD GAME LOSERS
(26:09 / Allies) Dorian12: funny
(26:12 / Allies) F.uck.Your.Shlt: OUT
(26:17 / Allies) F.uck.Your.Shlt: You three lose
(26:55 / Allies) F.uck.Your.Shlt: Only losers here are you clowns
(26:59 / All) REDSKINS-MNF-: leave faggots lol
(27:01 / Allies) Targaryen[GGL]: lol red
(27:05 / Allies) Targaryen[GGL]: why kill me/?
(27:13 / Allies) F.uck.Your.Shlt: GG LOSER
(27:21 / Allies) Targaryen[GGL]: sweet
(27:23 / Allies) Targaryen[GGL]: i guess
(27:25 / Allies) F.uck.Your.Shlt: 43-48 now
(27:36 / Allies) F.uck.Your.Shlt: wow, some record for a supposed GGL player, lmao
(27:37 / All) REDSKINS-MNF-: whisper purple
(27:38 / Allies) Targaryen[GGL]: lol idc its a game
(27:40 / All) REDSKINS-MNF-: shi ttalk to him
(27:41 / All) REDSKINS-MNF-: nigger
(27:44 / Allies) Targaryen[GGL]: im not ggl
(27:49 / Allies) F.uck.Your.Shlt: Yeah I can tell
(27:51 / Allies) Targaryen[GGL]: idc
(27:55 / Allies) Targaryen[GGL]: youre annoying
(27:55 / Allies) F.uck.Your.Shlt: didn't that clan die a long time ago anyway
(27:59 / Allies) Targaryen[GGL]: ppl like you ruin the game
(28:02 / Allies) F.uck.Your.Shlt: You're shit
(28:13 / Allies) Targaryen[GGL]: you are the one bsing
(28:15 / Allies) Targaryen[GGL]: so ....
(28:25 / Allies) Dorian12: i'm confused
(28:28 / Allies) Targaryen[GGL]: ya me too
(28:28 / Allies) F.uck.Your.Shlt: 3 players can't kill 1 tker
(28:29 / Allies) Dorian12: did red just kill us on prupose?
(28:31 / Allies) Targaryen[GGL]: red is a bser
(28:32 / Allies) F.uck.Your.Shlt: after eliminating the enemy team
(28:42 / Allies) Targaryen[GGL]: ya
(28:45 / Allies) Targaryen[GGL]: red is a tker
(28:51 / All) REDSKINS-MNF-: ya'll
(28:53 / All) REDSKINS-MNF-: can leave
(28:58 / All) F.uck.Your.Shlt: Yellow is happily creeping
(29:05 / All) REDSKINS-MNF-: take that fake ggl player
(29:07 / All) REDSKINS-MNF-: shit talking me
(29:09 / All) F.uck.Your.Shlt: the solution to a tker on your team is to trihero creep
(30:05 / All) REDSKINS-MNF-: accept it
(30:07 / All) REDSKINS-MNF-: i > u
(30:09 / All) REDSKINS-MNF-: green
(30:13 / All) REDSKINS-MNF-: I > u oj
(31:02 / Allies) Dorian12: is red pissed we didn't kill teal???
(31:04 / All) F.uck.Your.Shlt: I think we've raped numerous of the players here before
(31:06 / Allies) Dorian12: i'm a bitg confused :)
(31:10 / All) REDSKINS-MNF-: ya lol
(31:16 / All) REDSKINS-MNF-: def oj and green
(31:19 / All) F.uck.Your.Shlt: neil_diamond and Dorian12 are definitely players we have
(31:37 / All) REDSKINS-MNF-: if its the real dorian he let his 30k games acct get closed
(31:40 / All) neil_diamond: i'm just going to piss
(31:45 / All) neil_diamond: gg
(32:58 / All) REDSKINS-MNF-: i asked for wood all game
(33:15 / All) REDSKINS-MNF-: pink basically said shit like "i hate allies who think ur resources are theirs"
(33:21 / All) Dorian12: that's what she said!
(33:49 / All) REDSKINS-MNF-: i think dorian12 knows who sc2no.wc4yes is
(34:34 / All) F.uck.Your.Shlt: fake dorian and fake ggl lawl
(34:40 / All) F.uck.Your.Shlt: What a disgrace
(35:09 / All) F.uck.Your.Shlt: kill yellow for me
(35:12 / All) F.uck.Your.Shlt: the leftovers of his base
(35:17 / All) REDSKINS-MNF-: yes master
(35:20 / All) REDSKINS-MNF-: i am at ur command
(35:43 / All) REDSKINS-MNF-: pruple was such a faggot
(35:52 / All) REDSKINS-MNF-: he tked me cuz i hasd 6k gold ; he didnt even help all game
(36:32 / All) REDSKINS-MNF-: favorite game of thrones character, guys?
(36:35 / All) REDSKINS-MNF-: mine is ned stark
(36:47 / All) REDSKINS-MNF-: cuz he is loyal
(36:51 / All) REDSKINS-MNF-: i like loyal pple
(36:52 / All) F.uck.Your.Shlt: Tyrion and the Hound are the best characters
(38:06 / All) F.uck.Your.Shlt: Anything to say for yourselves, orange, green?
(38:06 / All) REDSKINS-MNF-: my 3 allies all have mass games, 20+ games under .500
(38:14 / All) REDSKINS-MNF-: urs should prob lose cuz they here
(38:18 / All) F.uck.Your.Shlt: Green, you are 78-107 now
(38:38 / All) REDSKINS-MNF-: this is what ur team gets for talking shit
(38:38 / All) F.uck.Your.Shlt: Fake GGL boy is 43-48
(38:42 / All) REDSKINS-MNF-: when the game was "over"
(38:42 / All) F.uck.Your.Shlt: legit GGL record I'm sure
(39:16 / All) F.uck.Your.Shlt: down to the last buildings
(39:22 / All) F.uck.Your.Shlt: Anything to say, green, orange?
(39:28 / All) F.uck.Your.Shlt: You should feel ashamed of yourselves